 Dungeon Crawl Stone Soup version 0.30.0-11-gf55b779eaf (webtiles) character file.

Game seed: 5505739535954830367

1304 adizb the Cutter (level 8, -3/42 HPs)
             Began as a Vine Stalker Reaver on May 16, 2023.
             Was a Priest of Lugonu.
             Slain by a bullfrog (6 damage)
             ... on level 6 of the Dungeon on May 17, 2023.
             The game lasted 00:25:39 (3959 turns).

adizb the Cutter (Vine Stalker Reaver)              Turns: 3959, Time: 00:25:39

Health: -3/42      AC:  4    Str: 16    XL:     8   Next: 57%
Magic:  0/13       EV: 13    Int: 13    God:    Lugonu [***...]
Gold:   300        SH:  0    Dex: 14    Spells: 12/13 levels left

rFire   . . .        a - +0 short sword (heavy)
rCold   . . .        (no shield)
rNeg    . . .        b - +0 leather armour
rPois   .            e - +1 hat
rElec   .            (no cloak)
rCorr   .            (no gloves)
SInv    .            (no boots)
Will    ++...        (no amulet)
Stlth   +++          k - ring of willpower
HPRegen 1.07/turn    (no ring)
MPRegen 0.13/turn

%: guardian spirit
@: brilliant
A: fangs 3, regeneration 1, magic shield, antimagic bite, no potion heal 2
a: Renounce Religion, Depart the Abyss, Banish


You were on level 6 of the Dungeon.
You worshipped Lugonu.
Lugonu was most pleased with you.
You visited 1 branch of the dungeon, and saw 6 of its levels.
You also visited: Sewer.

You collected 300 gold pieces.

Inventory:

Hand Weapons
 a - a +0 heavy short sword (weapon)
 l - a +0 sling
Armour
 b - a +0 leather armour (worn)
 e - a +1 hat (worn)
 x - a +0 kite shield
Jewellery
 k - a ring of willpower (left hand)
 m - a +6 ring of strength
Wands
 v - a wand of iceblast (14)
Scrolls
 d - 2 scrolls of torment {unknown}
 f - 2 scrolls of noise {unknown}
 i - 2 scrolls of poison {unknown}
 n - 2 scrolls of magic mapping
 o - a scroll of fog
 p - 3 scrolls of teleportation
 r - a scroll of amnesia
 w - a scroll of acquirement {unknown}
 y - a scroll of enchant armour
 C - a scroll of blinking
Potions
 c - a potion of ambrosia {unknown}
 g - a potion of lignification {unknown}
 h - a potion of haste
 j - a potion of magic {unknown}
 s - 2 potions of heal wounds {unknown}
 t - 2 potions of curing {unknown}
 u - 2 potions of brilliance
 z - 5 potions of flight
 A - a potion of attraction {unknown}
 B - a potion of mutation
 D - a potion of resistance {unknown}


   Skills:
 + Level 4.2 Fighting
 * Level 5.9 Short Blades
 + Level 3.8 Dodging
 + Level 5.5 Stealth
 - Level 3.0 Spellcasting
 - Level 4.0 Conjurations
 + Level 0.4 Invocations


You had 12 spell levels left.
You knew the following spells:

 Your Spells              Type           Power      Damage    Failure   Level
a - Kiss of Death         Conj/Necr      40%        2d8       12%         1

Your spell library contained the following spells:

 Spells                   Type           Power      Damage    Failure   Level
 Momentum Strike          Conj/Tloc      20%        3d8       19%         2
 Sting                    Tmut/Pois      8%         1d3       28%         1
 Hailstorm                Conj/Ice       10%        3d5       36%         3
 Poisonous Vapours        Pois/Air       4%         N/A       38%         2
 Volatile Blastmotes      Fire/Tloc      4%         2d10      63%         3
 Fulminant Prism          Conj/Hex       5%         3d7       77%         4
 Iskenderun's Mystic Bla  Conj/Tloc      10%        2d4       77%         4
 Olgreb's Toxic Radiance  Pois           2%         N/A       95%         4
 Lee's Rapid Deconstruct  Erth           1%         3d4*      100%        5


Dungeon Overview and Level Annotations

Branches:
Dungeon (6/15)              Sewer (visited)
 Temple: D:4-7

Altars:
Okawaru
Lugonu

Annotations:
D:5 3 runed translucent doors, sheffield53's ghost, novice GrHu


Innate Abilities, Weirdness & Mutations

You have razor-sharp teeth.
Your natural rate of healing is unusually fast.
When hurt, damage is shared between your health and your magic reserves.
Your bite disrupts and absorbs the magic of your enemies.
Potions cannot restore your health.


Message History

Lugonu accepts your kill.
The gnoll is no longer moving quickly.
The bullfrog hits you but does no damage.
The gnoll barely misses you.
You hit the bullfrog.
You bite the bullfrog, but do no damage.
The bullfrog is moderately wounded.
The bullfrog barely misses you.
The bullfrog hits you but does no damage.
The gnoll completely misses you.
You barely miss the bullfrog.
The bullfrog is moderately wounded.
The bullfrog hits you but does no damage.
The gnoll closely misses you. The gnoll hits you with a +0 club.
* * * LOW HITPOINT WARNING * * *
The bullfrog barely misses you.
You hit the bullfrog. You punch the bullfrog. You bite the bullfrog.
You drain its power.
You feel invigorated.
The bullfrog is heavily wounded.
The bullfrog barely misses you.
The gnoll hits you from afar with a +0 spear.
* * * LOW HITPOINT WARNING * * *
The gnoll hits you with a +0 club.
* * * LOW HITPOINT WARNING * * *
The bullfrog closely misses you.
You hit the bullfrog.
The bullfrog is severely wounded.
The bullfrog barely misses you.
The gnoll hits you from afar with a +0 spear.
* * * LOW HITPOINT WARNING * * *
The gnoll hits you with a +0 club.
* * * LOW HITPOINT WARNING * * *
The bullfrog attacks as you move away! The bullfrog barely misses you.
The bullfrog misses you. The bullfrog attacks as you move away!
The bullfrog completely misses you.
Your attacks no longer feel as feeble.
The bullfrog hits you.
* * * LOW HITPOINT WARNING * * *
The bullfrog attacks as you move away! The bullfrog hits you!
You die...

....#####.....[.# #
#............#..# #
#.#...#####.####..# #
#.#..... ........># #
###....).####.#####.# #
#......).# #b##....# #
.#.....g# #.##.#### #
##.##g#####..#.##########
.. #..gF@................
# ######################


You could see a bullfrog and 2 gnolls.

Vanquished Creatures
  An ice beast (D:5)
  2 black bears (D:5)
  A phantom (D:5)
  A bullfrog (D:4)
  A scorpion (D:5)
  A jelly (D:5)
  2 hounds (D:5)
  5 orc priests
  2 gnoll boudas
  Ijyb (D:3)
  3 iguanas
  2 orc wizards
  10 gnolls
  11 adders
  4 river rats (Sewer)
  5 worms
  4 dart slugs (D:1)
  17 orcs
  10 endoplasms
  4 giant cockroaches
  11 goblins
  5 hobgoblins
  3 jackals (Sewer)
  11 quokkas
  7 ball pythons
  9 bats
  8 frilled lizards
  3 kobolds
  5 rats
149 creatures vanquished.

Notes
Turn   | Place    | Note
-------+----------+-------------------------------------------
     0 | D:1      | adizb the Vine Stalker Reaver began the quest for the Orb.
     0 | D:1      | Reached XP level 1. HP: 11/11 MP: 4/4
    48 | D:1      | Reached XP level 2. HP: 8/15 MP: 4/6
   154 | D:1      | Reached skill level 1 in Stealth
   201 | D:1      | Reached XP level 3. HP: 16/18 MP: 7/7
   645 | D:2      | Gained mutation: Your natural rate of healing is unusually
                  | fast. [Vine Stalker growth]
   645 | D:2      | Reached XP level 4. HP: 18/23 MP: 5/8
  1429 | D:3      | Found a faded altar of an unknown god.
  1436 | D:3      | Prayed at the altar of an unknown god.
  1436 | D:3      | Became a worshipper of Lugonu the Unformed
  1436 | D:3      | Reached * piety under Lugonu
  1449 | D:3      | Reached XP level 5. HP: 27/27 MP: 10/10
  1460 | D:3      | Noticed Ijyb
  1506 | D:3      | Killed Ijyb
  1686 | D:4      | Reached XP level 6. HP: 32/32 MP: 11/11
  1718 | D:4      | Found an iron altar of Okawaru.
  1880 | D:4      | Reached ** piety under Lugonu
  2230 | D:5      | Entered Level 5 of the Dungeon
  2245 | D:5      | Reached XP level 7. HP: 27/36 MP: 7/12
  2306 | D:5      | Found a glowing drain.
  2325 | Sewer    | Entered a sewer
  3215 | D:5      | Reached *** piety under Lugonu
  3218 | D:5      | Reached skill level 5 in Short Blades
  3312 | D:5      | Gained mutation: You have razor-sharp teeth. [Vine Stalker
                  | growth]
  3312 | D:5      | Reached XP level 8. HP: 11/42 MP: 6/13
  3351 | D:5      | Found a runed translucent gate.
  3352 | D:5      | Found a runed translucent gate.
  3354 | D:5      | Found a runed translucent gate.
  3354 | D:5      | Noticed sheffield53's ghost (novice GrHu)
  3429 | D:5      | Reached skill level 5 in Stealth
  3959 | D:6      | Slain by a bullfrog

Illustrated notes

Levels and vault maps discovered:
D:1:      dpeg_arrival_simpleton_c, layout_basic, serial_rivers,
          chequers_serial_rivers_small_b, chequers_serial_rivers_micro_e,
          chequers_serial_rivers_micro_a, chequers_serial_rivers_micro_a,
          chequers_serial_rivers_marsh, minmay_small_reverse_x
D:2:      layout_basic, minmay_misc_feat_five
D:3:      layout_rooms, hellmonk_ecumenical_altar_crossroads,
          minmay_misc_feat_diagonals, uniq_ijyb
D:4:      layout_loops_ring, okawaru_metal_pillars_3
D:5:      layout_cave_pods, gammafunk_ghost_split, portal_sewer_entry_d,
          wad_floor_pattern_1
D:6:      layout_basic

Skill      XL: |  1  2  3  4  5  6  7  8 |
---------------+-------------------------+-----
Fighting       | 2 3 4 |  4.2
Stealth        | 1 2 3 4 5 |  5.5
Short Blades   | 3 4 5 |  5.9
Dodging        | 2 3 |  3.8
Spellcasting   | 3 |  3.0
Conjurations   | 4 |  4.0
Invocations    | |  0.4

Action                     |  1- 3 |  4- 6 |  7- 9 || total
---------------------------+-------+-------+-------++-------
  Melee: Short sword       |   118 |   293 |   232 ||   643
         Bite              |    27 |   103 |    62 ||   192
         Punch             |       |     6 |     5 ||    11
   Fire: Sling             |       |       |    41 ||    41
    Use: Scroll            |       |     7 |     5 ||    12
         Potion            |       |     1 |     1 ||     2
   Stab: Sleeping          |     2 |     2 |     4 ||     8
         Distracted        |     1 |       |       ||     1
 Armour: Leather armour    |    28 |    45 |    88 ||   161
  Dodge: Dodged            |    44 |   164 |   253 ||   461
